 Dungeon Crawl Stone Soup version 0.32-a0-607-g64ea0e4219 (webtiles) character file.

Game seed: 13617799727044495835

3376 Gotterdammerung the Chiller (level 9, -11/79 HPs)
             Began as a White Draconian Necromancer on Mar 3, 2024.
             Incinerated by a deep elf pyromancer (14 damage)
             ... with a pyre arrow
             ... on level 8 of the Dungeon.
             The game lasted 00:11:57 (8039 turns).

Gotterdammerung the Chiller (DrNe)                  Turns: 8039, Time: 00:11:58

Health: -11/79     AC: 11    Str: 10    XL:     9   Next: 74%
Magic:  18/18      EV: 19    Int: 19    God:
Gold:   480        SH:  0    Dex: 13    Spells: 15/20 levels left

rFire   . . .        s - +0 short sword (venom)
rCold   + . .        (no shield)
rNeg    . . .        (body armour unavailable)
rPois   .            (helmet restricted)
rElec   .            (no cloak)
rCorr   .            (no gloves)
SInv    .            (no boots)
Will    .....        q - amulet of regeneration
Stlth   +            j - +5 ring of evasion
HPRegen 1.13/turn    H - +4 ring of protection
MPRegen 0.16/turn

%: no passive effects
@: on fire, weakened, glowing
A: glacial breath, AC +7, unfitting armour, cold resistance 1, cold-blooded
a: Glacial Breath


You were on level 8 of the Dungeon.
You visited 2 branches of the dungeon, and saw 9 of its levels.

You collected 480 gold pieces.

Inventory:

Hand Weapons
 p - a +1 dagger of venom
 s - a +0 short sword of venom (weapon)
Missiles
 C - 2 curare-tipped darts (quivered)
Magical Staves
 b - a staff of earth
Jewellery
 e - a ring of wizardry
 j - a +5 ring of evasion (left hand)
 q - an amulet of regeneration (around neck)
 H - a +4 ring of protection (right hand)
Wands
 v - a wand of digging (6)
 z - a wand of flame (5)
 D - a wand of polymorph (14)
 F - a wand of paralysis (15)
Scrolls
 a - 3 scrolls of revelation {@r5}
 c - a scroll of identify {@r1}
 g - a scroll of brand weapon
 k - a scroll of immolation
 m - 2 scrolls of teleportation {@r3}
 x - a scroll of enchant armour {unknown}
 y - a scroll of blinking {@r4}
 A - 2 scrolls of fog {unknown}
 B - 4 scrolls of enchant weapon {unknown}
 I - a scroll of fear
 J - a scroll of noise {unknown}
Potions
 d - 2 potions of enlightenment {unknown}
 f - a potion of heal wounds {unknown}
 h - 2 potions of attraction {unknown}
 l - 2 potions of brilliance {unknown}
 o - a potion of degeneration {unknown}
 r - a potion of haste {unknown}
 t - a potion of might {unknown}
 u - 3 potions of berserk rage {unknown}
 E - a potion of mutation {unknown}
 G - a potion of curing {@q2}


   Skills:
 + Level 7.1 Fighting
 + Level 6.3 Dodging
 - Level 2.0 Stealth
 + Level 6.2 Spellcasting
 * Level 2.8 Conjurations
 - Level 4.0 Necromancy
 + Level 7.6 Ice Magic
 * Level 2.6 Alchemy


You had 15 spell levels left.
You knew the following spells:

 Your Spells              Type           Power      Damage    Failure   Level
i - Irradiate             Conj/Alch      8%         3d14      69%         5

Your spell library contained the following spells:

 Spells                   Type           Power      Damage    Failure   Level
 Necrotise                Necr           84%        1d8       2%          1
 Sting                    Conj/Alch      64%        1d7       3%          1
 Sublimation of Blood     Necr           21%        N/A       3%          2
 Vampiric Draining        Necr           21%        2d7       6%          3
 Apportation              Tloc           10%        N/A       11%         1
 Summon Small Mammal      Summ           20%        N/A       11%         1
 Mephitic Cloud           Conj/Alch/Air  12%        N/A       16%         3
 Jinxbite                 Hex            10%        N/A       17%         2
 Dazzling Flash           Conj/Hex       22%        N/A       19%         3
 Animate Dead             Necr           21%        N/A       22%         4
 Call Canine Familiar     Summ           5%         N/A       32%         3
 Curse of Agony           Necr           21%        N/A       52%         5
 Petrify                  Alch/Erth      11%        N/A       54%         4
 Alistair's Intoxication  Alch           10%        N/A       69%         5
 Summon Blazeheart Golem  Fire/Summ      5%         N/A       73%         4
 Silence                  Hex/Air        2%         N/A       97%         5


Dungeon Overview and Level Annotations

Branches:
Dungeon (8/15)             Temple (1/1) D:4
   Lair: D:8-11

Altars:
Ashenzari
Cheibriados
Dithmenos
Elyvilon
Fedhas
Gozag
Hepliaklqana
Kikubaaqudgha
Makhleb
Nemelex Xobeh
Okawaru
Qazlal
Ru
Sif Muna
Trog
Uskayaw
Wu Jian
Xom
Yredelemnul
The Shining One

Shops:
D:5 [   D:8 [

Annotations:
D:3 1 runed translucent door, Crazy Yiuf, Grinder
D:6 2 transporters


Innate Abilities, Weirdness & Mutations

You can breathe waves of cold which freeze foes solid.
Your icy white scales are hard. (AC +7)
You cannot fit into any form of body armour.
Your flesh is cold resistant. (rC+)
You are cold-blooded and may be slowed by cold attacks.


Message History

You are even more covered in intense liquid fire!
You are too injured to fight recklessly!
You are too injured to fight recklessly!
You are too injured to fight recklessly!
You are too injured to fight recklessly!
You are too injured to fight recklessly!
You are too injured to fight recklessly!
You are too injured to fight recklessly!
You are too injured to fight recklessly!
You hit the deep elf pyromancer.
The deep elf pyromancer looks as sick as possible!
The deep elf pyromancer is almost dead.
The liquid fire burns you! The gnoll hits you but does no damage.
The gnoll bouda gazes fiercely through you!
You feel as though you will be weak longer.
The deep elf pyromancer hits you with a +0 long sword.
Unknown command.
You shake off some of the fire as you move.
The liquid fire burns you!
* * * LOW HITPOINT WARNING * * *
The gnoll attacks as it pursues you! The gnoll barely misses you.
The deep elf pyromancer gestures at you while chanting.
The bolt of fire hits the gnoll!!
The gnoll dies!
The bolt of fire misses you.
Items here: ))) †††.
You shake off some of the fire as you move.
The liquid fire burns you!
* * * LOW HITPOINT WARNING * * *
You kill the deep elf pyromancer!
The fire elemental disappears in a puff of smoke!
Your Fighting skill increases to level 7!
Your Alchemy skill increases to level 2!
You shake off some of the fire as you move.
The liquid fire burns you!
* * * LOW HITPOINT WARNING * * *
You shake off some of the fire as you move.
The liquid fire burns you!
You die...

#.)....#...#
#......+...#
##...○§.#...#
##########
.....E).#...#
#......... #)#...#
#......††. #g#...#
#......... #.#...#
#.........
#.#...###.........
#@#.....'.........
#.#.#####.........
#.#.# #.........
#.#.##############
#########
#.#.#.............
#.......#
#.#.#.###########.
#.......#####.#.#.#
#.
#...........#.#.#.#
##'
######......#.#<..#
#..


You could see a gnoll bouda.

Vanquished Creatures
  A deep elf pyromancer (D:8)
  Maggie (D:7)
  Menkaure (D:6)
  An acid dragon (D:4)
  An orc warrior (D:6)
  2 sky beasts
  4 black bears
  A centaur (D:7)
  2 kobold brigands
  A gnoll sergeant (D:7)
  3 scorpions
  5 wights (D:8)
  4 bombardier beetles
  2 howler monkeys (D:8)
  A hound (D:5)
  2 orc priests
  3 jellies
  2 gnoll boudas
  Jessica (D:2)
  A sleepcap (D:4)
  2 iguanas
  7 orc wizards
  12 gnolls
  5 adders
  2 shadow imps
  4 ufetubi
  2 dart slugs
  2 ribbon worms
  25 orcs
  6 endoplasms
  11 goblins
  6 hobgoblins
  6 jackals (D:5)
  18 kobolds
  4 quokkas
  7 ball pythons
  3 bats
  A frilled lizard (D:1)
  8 rats
170 creatures vanquished.

Vanquished Creatures (others)
  2 gnolls (D:8)
2 creatures vanquished.

Grand Total: 172 creatures vanquished

Notes
Turn   | Place    | Note
-------+----------+-------------------------------------------
     0 | D:1      | Gotterdammerung the Draconian Necromancer began the quest
                  | for the Orb.
     0 | D:1      | Reached XP level 1. HP: 14/14 MP: 3/3
   186 | D:1      | Reached XP level 2. HP: 21/22 MP: 0/5
   379 | D:1      | Reached skill level 1 in Fighting
  1111 | D:1      | Reached XP level 3. HP: 18/28 MP: 2/6
  1375 | D:2      | Noticed Jessica
  1381 | D:2      | Killed Jessica
  1382 | D:2      | Reached XP level 4. HP: 36/36 MP: 1/8
  2288 | D:3      | Found a faded altar of an unknown god.
  2451 | D:3      | Noticed a scorpion
  2538 | D:3      | Reached XP level 5. HP: 42/42 MP: 5/9
  2969 | D:3      | Noticed Grinder
  2971 | D:3      | Paralysed by Grinder for 4 turns
  3526 | D:3      | Found a runed translucent door.
  3527 | D:3      | Noticed Crazy Yiuf
  3644 | D:4      | Noticed an acid dragon
  3656 | D:5      | Entered Level 5 of the Dungeon
  3671 | D:5      | Reached XP level 6. HP: 5/51 MP: 11/11
  4062 | D:4      | Killed an acid dragon
  4063 | D:4      | Your scales start taking on an icy white colour.
  4063 | D:4      | Reached XP level 7. HP: 28/60 MP: 13/13
  4063 | D:4      | Gained mutation: Your flesh is cold resistant. (rC+) [White
                  | Draconian growth]
  4358 | D:4      | Found a staircase to the Ecumenical Temple.
  4805 | Temple   | Entered the Ecumenical Temple
  4947 | D:5      | Reached skill level 1 in Ice Magic
  4977 | D:5      | Found Ifrygue's Antique Armour Shoppe.
  5401 | D:6      | Reached skill level 5 in Fighting
  5758 | D:6      | Reached XP level 8. HP: 23/68 MP: 15/15
  5832 | D:6      | Found a white marble altar of Elyvilon.
  5833 | D:6      | Noticed a troll
  5834 | D:6      | Found a shadowy altar of Dithmenos.
  5848 | D:6      | Reached skill level 5 in Spellcasting
  5853 | D:6      | Reached skill level 5 in Dodging
  5871 | D:6      | Noticed Menkaure
  6057 | D:6      | Found a transporter.
  6061 | D:6      | Killed Menkaure
  6062 | D:6      | Reached skill level 5 in Ice Magic
  6118 | D:6      | Found a transporter.
  6308 | D:7      | Found a hide-covered altar of Uskayaw.
  6629 | D:7      | Reached XP level 9. HP: 63/78 MP: 17/17
  6685 | D:7      | Noticed Maggie
  6737 | D:7      | Killed Maggie
  7183 | D:7      | Identified a scroll of acquirement
  7183 | D:7      | Acquired a book of Transmutation
  7191 | D:7      | Learned a level 5 spell: Irradiate
  7351 | D:8      | Found an opulent altar of Gozag.
  7376 | D:8      | Reached skill level 1 in Conjurations
  7376 | D:8      | Reached skill level 1 in Alchemy
  7597 | D:8      | Found Nuboh's Armour Shoppe.
  8002 | D:8      | Noticed a deep elf pyromancer
  8037 | D:8      | Killed a deep elf pyromancer
  8038 | D:8      | HP: 2/79 [burnt (8)]
  8039 | D:8      | Incinerated by a deep elf pyromancer

Illustrated notes

Levels and vault maps discovered:
D:1:      ncdulo_watergridlock, layout_basic, serial_forest,
          infiniplex_forest_straight_2, infiniplex_forest_zigzag_1,
          infiniplex_forest_end_2, infiniplex_forest_clump_tiny,
          infiniplex_forest_zigzag_1, infiniplex_forest_clump_diagonal,
          infiniplex_forest_lined_1
D:2:      layout_loops_cross, minmay_tromino_mix6, uniq_jessica
D:3:      layout_loops_ring, dreamdust_ecumenical_altar_angels_and_demons,
          serial_glass, glass_columns_a, glass_columns_a, glass_columns_a,
          glass_columns_c, glass_columns_a, glass_columns_c, glass_columns_a,
          glass_columns_b, uniq_crazy_yiuf_cottage, uniq_grinder
D:4:      layout_loops_cross, minmay_temple_entry_mist
D:5:      layout_loops_ring, serial_shops, nicolae_shop_window_shopping
D:6:      layout_rooms, gammafunk_temple_overflow_arena, uniq_menkaure
D:7:      layout_loops_ring, eat_drink_and_be_merry_uskayaw, uniq_maggie
D:8:      layout_basic, nicolae_gozag_cash_rules_everything_around_me,
          serial_shops, nicolae_shop_tiny_real_fake_doors,
          nicolae_shop_tiny_glass
Temple:   kb_temple_of_zot

Skill      XL: |  1  2  3  4  5  6  7  8  9 |
---------------+----------------------------+-----
Dodging        | 2 3 4 5 6 |  6.3
Stealth        | 2 |  2.0
Fighting       | 1 2 3 4 5 6 7 |  7.1
Spellcasting   | 3 4 5 6 |  6.2
Ice Magic      | 3 6 7 |  7.6
Conjurations   | 2 |  2.8
Alchemy        | 2 |  2.6
Necromancy     | |  4.0

Action                     |  1- 3 |  4- 6 |  7- 9 || total
---------------------------+-------+-------+-------++-------
  Melee: Staff             |    13 |       |       ||    13
         Tailslap          |     3 |    20 |    85 ||   108
         Unarmed           |     3 |       |       ||     3
         Dagger            |       |   125 |    36 ||   161
         Short sword       |       |       |   416 ||   416
   Cast: Necrotise         |    64 |    56 |       ||   120
Ability: Glacial Breath    |       |       |     5 ||     5
  Evoke: Wand              |       |     5 |    27 ||    32
    Use: Potion            |     1 |     2 |       ||     3
         Scroll            |       |     5 |     5 ||    10
   Stab: Sleeping          |       |     2 |     2 ||     4
         Invisible         |       |       |     1 ||     1
 Armour: Skin              |    24 |    50 |   234 ||   308
  Dodge: Dodged            |    26 |   127 |   538 ||   691

Table legend: (Time is in decaauts)
 A = Elapsed time spent in this place.
 B = Non-inter-level travel time spent in this place.
 C = Inter-level travel time spent in this place.
 D = Time resting spent in this place.
 E = Time spent auto-exploring this place.
 F = Levels seen in this place.
 G = Mean time per level.
                   A        B        C        D        E       F      G
               +--------+--------+--------+--------+--------+-----+--------+
         Total |   8054 |   7522 |    532 |   1037 |   5019 |   9 |  894.9 |
       Dungeon |   7994 |   7520 |    474 |   1037 |   5019 |   8 |  999.2 |
        Temple |     59 |      1 |     58 |      0 |      0 |   1 |   59.0 |
               +--------+--------+--------+--------+--------+-----+--------+

Top non-repeatable levels by time:
     D:3: 1306 daAuts
     D:2: 1165 daAuts
     D:1: 1135 daAuts
     D:7: 952 daAuts
     D:5: 911 daAuts
     D:4: 870 daAuts
     D:6: 847 daAuts
     D:8: 804 daAuts
  Temple: 59 daAuts
